 Dungeon Crawl Stone Soup version 0.28-a0-706-gf6f64a616a (webtiles) character file.

Game seed: 10488273070576213490

546 pokeman the Magician (level 7, -5/38 HPs)
             Began as a Deep Elf Hedge Wizard on Oct 24, 2021.
             Slain by a troll (9 damage)
             ... on level 5 of the Dungeon.
             The game lasted 00:15:22 (4743 turns).

pokeman the Magician (Deep Elf Hedge Wizard)        Turns: 4743, Time: 00:15:22

Health: -5/38      AC:  6    Str:  7    XL:     7   Next: 6%
Magic:  8/20       EV: 12    Int: 21    God:
Gold:   168        SH:  0    Dex: 14    Spells: 5/21 levels left

rFire   + . .      SeeInvis .   i - staff of fire
rCold   . . .      Faith    .   (no shield)
rNeg    . . .      Spirit   .   c - +0 leather armour
rPois   .          Reflect  .   u - +2 hat
rElec   .          Harm     .   k - +0 cloak
rCorr   .          Rampage  .   (no gloves)
Will    .....                   (no boots)
Stlth   ++........              (no amulet)
HPRegen 0.12/turn               (no ring)
MPRegen 0.17/turn               (no ring)

@: very slightly contaminated
A: no striking features
a: no special abilities


You were on level 5 of the Dungeon.
You visited 1 branch of the dungeon, and saw 5 of its levels.
You also visited: Sewer.

You collected 168 gold pieces.

Inventory:

Hand Weapons
 x - a +2 dagger of venom
Missiles
 j - 55 arrows
Armour
 c - a +0 leather armour (worn)
 k - a +0 cloak (worn)
 n - a +0 buckler
 u - a +2 hat (worn)
Magical Staves
 i - a staff of fire (weapon)
 q - a staff of air
Jewellery
 e - a ring of flight
Scrolls
 a - 3 scrolls of enchant armour {unknown}
 b - a scroll of torment {unknown}
 f - a scroll of blinking {unknown}
 h - 6 scrolls of identify {unknown}
 l - a scroll of fear {unknown}
 m - 3 scrolls of teleportation {unknown}
 o - 2 scrolls of noise {unknown}
 t - a scroll of amnesia {unknown}
 w - a scroll of brand weapon {unknown}
Potions
 d - a potion of resistance {unknown}
 g - 8 potions of curing
 p - 2 potions of magic {unknown}
 r - 2 potions of flight
 s - a potion of mutation {unknown}
 v - a potion of ambrosia {unknown}


   Skills:
 + Level 1.4 Fighting
 - Level 1.1 Armour
 - Level 3.0 Dodging
 - Level 3.0 Stealth
 - Level 1.0 Shields
 * Level 7.6 Spellcasting
 + Level 3.5 Conjurations
 - Level 1.1 Summonings
 - Level 1.1 Translocations
 + Level 1.5 Fire Magic
 - Level 1.0 Air Magic
 - Level 1.0 Poison Magic
 - Level 1.0 Evocations


You had 5 spell levels left.
You knew the following spells:

 Your Spells              Type           Power      Damage    Failure   Level
a - Magic Dart            Conj           92%        1d7       2%          1
b - Mephitic Cloud        Conj/Pois/Air  15%        N/A       17%         3
c - Call Imp              Summ           12%        N/A       12%         2
d - Blink                 Tloc           24%        N/A       12%         2
e - Conjure Flame         Conj/Fire      28%        6-21      13%         3
f - Foxfire               Conj/Fire      100%       2x1d9     4%          1
g - Flame Wave            Conj/Fire      28%        3d7       38%         4

Your spell library contained the following spells:

 Spells                   Type           Power      Damage    Failure   Level
 Slow                     Hex            8%         N/A       19%         2
 Ignite Poison            Fire/Tmut/Pois 17%        N/A       26%         3
 Inner Flame              Hex/Fire       16%        N/A       26%         3
 Sticky Flame             Conj/Fire      28%        2d5       38%         4


Dungeon Overview and Level Annotations

Branches:
Dungeon (5/15)              Sewer (visited)
 Temple: D:4-7

Altars:
Xom

Shops:
D:2 (

Annotations:
D:3 3 runed translucent doors, scottley's ghost, amateur SpBr
D:5 mdk's ghost, novice DECj


Message History

The troll is engulfed in noxious fumes.
Casting: Foxfire (safe; 4% risk of failure)
Confirm with . or Enter, or press ? or * to list all spells.
You feel a surge of power!
You miscast Foxfire.
You are very lightly contaminated with residual magic.
Nothing appears to happen.
The foxfire hits the troll.
The troll is heavily wounded.
The foxfire hits the troll.
The troll is heavily wounded.
Casting: Foxfire (safe; 4% risk of failure)
Confirm with . or Enter, or press ? or * to list all spells.
You feel a surge of power!
You conjure some foxfire!
Unknown command.
Casting: Foxfire (safe; 4% risk of failure)
Confirm with . or Enter, or press ? or * to list all spells.
You feel a surge of power!
You conjure some foxfire!
The foxfire hits the troll.
The troll is severely wounded.
The troll bites you! The troll claws you!
The troll claws you but does no damage.
Casting: Foxfire (safe; 4% risk of failure)
Confirm with . or Enter, or press ? or * to list all spells.
You feel a surge of power!
You conjure some foxfire!
The foxfire hits the troll.
The troll is severely wounded.
The foxfire hits the troll but does no damage.
The troll is severely wounded.
The foxfire hits the troll.
The troll is severely wounded.
The troll grins madly.
The troll bites you. The troll closely misses you. The troll claws you!
* * * LOW HITPOINT WARNING * * *
The foxfire hits the troll but does no damage.
The troll is severely wounded.
The foxfire hits the troll!
The troll is almost dead.
Casting: Foxfire (safe; 4% risk of failure)
Confirm with . or Enter, or press ? or * to list all spells.
You feel a surge of power!
You conjure some foxfire!
The troll bites you!
You die...

#.....#.....#.......
#..#..##..(....#....
#####.##....##.#..##
##?#........#........
##.........#.#........
##....##....#..........
#.........#............
#....v.T.....##...###.#
#...##@ยง.....##...##...
#### #.v..######.###(..
##..## ### #... ##.#
##.# ### ###


You could see a troll (confused, ally target).

Vanquished Creatures
  A kobold brigand (Sewer)
  A hound (D:4)
  3 jellies
  An orc priest (D:4)
  An iguana (D:4)
  3 orc wizards (D:4)
  A hound skeleton (D:4)
  3 river rats (Sewer)
  4 adders
  A shadow imp (D:3)
  A dart slug (D:1)
  5 orcs
  8 endoplasms
  5 giant cockroaches
  8 hobgoblins
  3 jackals
  12 kobolds
  12 quokkas
  7 ball pythons
  4 bats
  3 frilled lizards (D:1)
  5 goblins
  9 rats
101 creatures vanquished.

Vanquished Creatures (collateral kills)
  A jelly (D:2)
  A river rat (Sewer)
  A dart slug (D:4)
  2 orcs (D:4)
  3 endoplasms (D:2)
  A goblin (D:4)
  A quokka (D:4)
10 creatures vanquished.

Vanquished Creatures (others)
  175 foxfires
  3 fungi (D:2)
  10 toadstools (D:2)
188 creatures vanquished.

Grand Total: 299 creatures vanquished

Notes
Turn   | Place    | Note
-------+----------+-------------------------------------------
     0 | D:1      | pokeman the Deep Elf Hedge Wizard began the quest for the
                  | Orb.
     0 | D:1      | Reached XP level 1. HP: 10/10 MP: 7/7
   243 | D:1      | Reached XP level 2. HP: 15/15 MP: 6/9
  1177 | D:2      | Reached skill level 5 in Spellcasting
  1436 | D:2      | Reached XP level 3. HP: 20/20 MP: 6/11
  1440 | D:2      | Learned a level 3 spell: Mephitic Cloud
  1443 | D:2      | Learned a level 2 spell: Call Imp
  1446 | D:2      | Learned a level 2 spell: Blink
  1450 | D:2      | Learned a level 3 spell: Conjure Flame
  1452 | D:2      | Learned a level 1 spell: Foxfire
  1590 | D:2      | Found Saixt's Weapon Boutique.
  1956 | D:2      | Reached skill level 1 in Fighting
  1956 | D:2      | Reached skill level 1 in Armour
  1956 | D:2      | Reached XP level 4. HP: 21/25 MP: 7/13
  2077 | D:2      | Reached skill level 6 in Spellcasting
  2299 | D:3      | Found a runed translucent gate.
  2299 | D:3      | Found a runed translucent gate.
  2300 | D:3      | Found a runed translucent gate.
  2305 | D:3      | Reached XP level 5. HP: 29/29 MP: 12/15
  2385 | D:3      | Noticed scottley's ghost (amateur SpBr)
  2773 | D:3      | Found a shimmering altar of Xom.
  3137 | D:3      | Learned a level 4 spell: Flame Wave
  3211 | D:4      | Reached skill level 1 in Shields
  3230 | D:4      | Reached skill level 1 in Fire Magic
  3320 | D:4      | Reached XP level 6. HP: 27/34 MP: 6/17
  3324 | D:4      | Reached skill level 1 in Air Magic
  3374 | D:4      | Found a glowing drain.
  3451 | Sewer    | Entered a sewer
  3464 | Sewer    | Reached skill level 7 in Spellcasting
  3481 | Sewer    | Reached skill level 1 in Poison Magic
  3657 | Sewer    | Reached skill level 1 in Evocations
  3790 | Sewer    | Found a glowing silver altar of Zin.
  3862 | D:4      | Identified the +1 mace "Todgha" {drain, Dex+3}
  4201 | D:4      | Reached XP level 7. HP: 22/38 MP: 10/20
  4594 | D:5      | Entered Level 5 of the Dungeon
  4604 | D:5      | Noticed a troll
  4656 | D:5      | Noticed mdk's ghost (novice DECj)
  4743 | D:5      | Slain by a troll

Illustrated notes

Levels and vault maps discovered:
D:1:      shiori_arrival_elements, layout_basic
D:2:      cheibrodos_fertilizer, layout_loops_ring, serial_shops, shop,
          minmay_pentomino_x4
D:3:      layout_basic, tgw_xom, ebering_ghost_rock_garden
D:4:      layout_loops_ring, gup_sewer_entry_pipe, minmay_misc_feat_tiny,
          kennysheep_small_spiral
D:5:      layout_cave_pools, gammafunk_ghost_smash,
          nicolae_ossuary_entry_monument

Skill      XL: |  1  2  3  4  5  6 |
---------------+-------------------+-----
Spellcasting   | 5 6 7 |  7.6
Fighting       | 1 |  1.4
Armour         | 1 |  1.1
Conjurations   | 2 3 |  3.5
Dodging        | 3 |  3.0
Shields        | 1 |  1.0
Fire Magic     | 1 |  1.5
Air Magic      | 1 |  1.0
Poison Magic   | 1 |  1.0
Evocations     | 1 |  1.0
Stealth        | 3 |  3.0
Summonings     | |  1.1
Translocations | |  1.1

Action                   |  1- 3 |  4- 6 |  7- 9 || total
-------------------------+-------+-------+-------++-------
Melee: Dagger            |     3 |       |       ||     3
       Staff             |     4 |    38 |     1 ||    43
 Cast: Magic Dart        |    71 |    17 |       ||    88
       Foxfire           |    10 |    81 |    12 ||   103
       Conjure Flame     |     2 |     3 |       ||     5
       Call Imp          |       |     3 |       ||     3
       Mephitic Cloud    |       |     7 |     3 ||    10
       Blink             |       |     1 |     1 ||     2
 Stab: Confused          |       |     2 |       ||     2
Armor: Robe              |     8 |     4 |       ||    12
       Leather armour    |       |    14 |     9 ||    23
Dodge: Dodged            |    24 |    26 |     6 ||    56

Table legend: (Time is in decaauts)
 A = Elapsed time spent in this place.
 B = Non-inter-level travel time spent in this place.
 C = Inter-level travel time spent in this place.
 D = Time resting spent in this place.
 E = Time spent auto-exploring this place.
 F = Levels seen in this place.
 G = Mean time per level.
                   A        B        C        D        E       F      G
               +--------+--------+--------+--------+--------+-----+--------+
         Total |   4785 |   4589 |    196 |    273 |   3271 |   6 |  797.5 |
       Dungeon |   4374 |   4178 |    196 |    174 |   3037 |   5 |  874.8 |
         Sewer |    410 |    410 |      0 |     99 |    233 |   1 |  410.0 |
               +--------+--------+--------+--------+--------+-----+--------+

Top non-repeatable levels by time:
     D:2: 1220 daAuts
     D:4: 1105 daAuts
     D:1: 1026 daAuts
     D:3: 906 daAuts
   Sewer: 410 daAuts
     D:5: 115 daAuts
